AoeStats
← Dambo__

Arabia

508894619Analyzed
1v1 RM · 7d ago on Sep 24, 2026· 43m 49s· 2 players
Game mode
Random Map
Map size
Tiny (2 player)
Population
200
Speed
Normal
Resources
Standard
Victory
Conquest
Starting age
Dark Age
Ending age
Imperial Age
RankedLock teamsTeams togetherTeam positionsShared explorationLock speedFull tech treeHidden civsTurbo modeCheats
Victory
Defeat
🇵🇱 Poles · Poland
1281
+16
🇨🇦 Danes · Canada
1289
-16
Dambo__
6:51 Loom
8:56 Feudal Age
9:34 Double-Bit Axe
10:24 Horse Collar
17:55 Wheelbarrow
17:58 Bloodlines
19:58 Castle Age
18:58 Gold Mining
19:21 Bloodlines
19:27 Padded Archer Armor
19:17 Fletching
20:36 Bodkin Arrow
26:54 Padded Archer Armor
27:17 Bow Saw
27:08 Heavy Plow
27:59 Wheelbarrow
28:29 Scale Barding Armor
27:46 Light Cavalry
32:45 Husbandry
35:59 Chain Barding Armor
41:06 Imperial Age
38:55 Hand Cart
41:11 Imperial Age
38:59 Hand Cart
39:55 Thumb Ring
40:45 Stone Mining
42:12 Ballistics
41:55 Bracer
42:08 Heavy Mounted Crossbowman
43:28 Leather Archer Armor
43:26 Forging
short eared owl
10:04 Feudal Age
8:20 Loom
13:02 Arson
17:09 Castle Age
16:10 Scale Mail Armor
17:29 Forging
17:43 Gambesons
20:51 Pikeman
22:53 Chain Mail Armor
23:13 Iron Casting
24:14 Wheelbarrow
24:15 Fletching
24:25 Padded Archer Armor
25:32 Padded Archer Armor
27:46 Bodkin Arrow
27:49 Elite Skirmisher
30:05 Leather Archer Armor
31:29 Thumb Ring
35:36 Double-Bit Axe
35:41 Horse Collar
38:31 Ballistics
41:16 Husbandry
41:29 Stone Mining
41:34 Gold Mining
43:44 Iron Casting
Connection lost

Rejoining the realm…

Still unreachable

The connection could not be restored.

Session expired

The server has moved on; the page needs a fresh start.